 Dungeon Crawl Stone Soup version 0.30.0-13-g156ef70053 (webtiles) character file.

Game seed: 14524297897542997627

1751 RascalDebosk the Magician (level 9, -2/66 HPs)
             Began as a Djinni Conjurer on May 17, 2023.
             Was an Initiate of Ashenzari.
             Slain by an orc warrior
             ... wielding a +0 broad axe
              (7 damage)
             ... in a bailey.
             The game lasted 00:42:42 (6559 turns).

RascalDebosk the Magician (Djinni Conjurer)         Turns: 6559, Time: 00:42:42

Health: -2/66      AC:  5    Str:  6    XL:     9   Next: 27%
Gold:   356        EV: 15    Int: 23    God:    Ashenzari [......] SH:  0 Dex: 13

rFire   + + .        x - +7 dagger
rCold   x . .        (no shield)
rNeg    . . .        i - +0 ring mail
rPois   ∞            (no helmet)
rElec   .            (no cloak)
rCorr   .            (no gloves)
SInv    .            (boots unavailable)
Will    .....        (no amulet)
Stlth   +            y - +5 ring of evasion
HPRegen 0.31/turn    (no ring)
MPRegen 0.00/turn

%: infuse magic (-3 HP)
@: flying
A: sickness immunity, fire resistance 2, cold vulnerability 1, float, innate
caster, HP casting, extra vitality 1
a: Renounce Religion


You were in a bailey.
You worshipped Ashenzari.
Ashenzari was noncommittal.
You visited 2 branches of the dungeon, and saw 8 of its levels.
You also visited: Bailey.

You collected 356 gold pieces.

Inventory:

Hand Weapons
 s - a +0 dagger
 u - a +3 hand axe
 x - a +7 dagger (weapon)
Armour
 a - a +0 robe
 i - a +0 ring mail (worn)
Jewellery
 y - a +5 ring of evasion (left hand)
Wands
 t - a wand of acid (1)
 z - a wand of iceblast (10)
Scrolls
 b - 4 scrolls of fog {unknown}
 f - 4 scrolls of vulnerability {unknown}
 k - 8 scrolls of identify {unknown}
 o - a scroll of brand weapon {unknown}
 q - a scroll of enchant armour {unknown}
 r - a scroll of amnesia {unknown}
 w - a scroll of fear {unknown}
 B - a scroll of noise {unknown}
 C - a scroll of magic mapping {unknown}
Potions
 c - 2 potions of heal wounds {unknown}
 d - a potion of mutation {unknown}
 e - 3 potions of curing {unknown}
 g - 2 potions of lignification {unknown}
 h - a potion of ambrosia {unknown}
 j - a potion of cancellation {unknown}
 l - 3 potions of might {unknown}
 m - 5 potions of degeneration {unknown}
 n - a potion of magic {unknown}
 p - a potion of attraction {unknown}
 v - a potion of berserk rage {unknown}
 A - a potion of flight


   Skills:
 * Level 6.2 Fighting
 + Level 3.8 Short Blades
 + Level 4.2 Armour
 - Level 2.1 Dodging
 - Level 1.5 Stealth
 * Level 6.2 Spellcasting


You knew the following spells:

 Your Spells              Type           Power      Damage    Failure   Level
a - Magic Dart            Conj           100%       1d8       2%          1
b - Searing Ray           Conj           70%        2d7       3%          2
c - Dazzling Flash        Conj/Hex       70%        N/A       7%          3
d - Fulminant Prism       Conj/Hex       17%        3d10      22%         4
e - Iskenderun's Mystic   Conj/Tloc      35%        2d8       22%         4
f - Sting                 Tmut/Pois      100%       1d8       2%          1
g - Passwall              Tmut/Erth      29%        N/A       3%          2
h - Wereblood             Tmut           35%        N/A       3%          2
i - Olgreb's Toxic Radia  Pois           35%        N/A       22%         4
Your spell library was empty.

Dungeon Overview and Level Annotations

Branches:
Dungeon (7/15)             Temple (1/1) D:6          Bailey (1/1)

Altars:
Ashenzari
Cheibriados
Dithmenos
Fedhas
Gozag
Nemelex Xobeh
Okawaru
Ru
Uskayaw
Wu Jian
The Shining One

Shops:
D:1 =


Innate Abilities, Weirdness & Mutations

You are immune to sickness and miasma.
You are immune to poison.
Your flesh is very heat resistant. (rF++)
You are vulnerable to cold. (rC-)
You float through the air rather than walking.
You learn spells naturally, not from books.
Your magical power is your life essence.
You have superior vitality. (+4 MHP)


Message History

Aim: an orc warrior, wielding a +0 broad axe and wearing a +0 plate armour (moderately wounded, 100% to hit)
The magic dart hits the orc warrior but does no damage.
The orc warrior is moderately wounded.
Casting: Magic Dart (safe; 2% risk of failure)
Confirm with . or Enter, or press ? or * to list all spells.
Aiming: Magic Dart (safe; 2% risk of failure)
Press: ? - help, Shift-Dir - straight line, f/p - orc warrior
Aim: an orc warrior, wielding a +0 broad axe and wearing a +0 plate armour (moderately wounded, 100% to hit)
The magic dart hits the orc warrior.
The orc warrior is heavily wounded.
Casting: Magic Dart (safe; 2% risk of failure)
Confirm with . or Enter, or press ? or * to list all spells.
Aiming: Magic Dart (safe; 2% risk of failure)
Press: ? - help, Shift-Dir - straight line, f/p - orc warrior
Aim: an orc warrior, wielding a +0 broad axe and wearing a +0 plate armour (heavily wounded, 100% to hit)
The magic dart hits the orc warrior!
The orc warrior is severely wounded.
The hobgoblin shouts!
You hear a shout! x2
The orc warrior shouts! x2; You hear a shout! x2
Casting: Magic Dart (safe; 2% risk of failure)
Confirm with . or Enter, or press ? or * to list all spells.
Aiming: Magic Dart (safe; 2% risk of failure)
Press: ? - help, Shift-Dir - straight line, f/p - orc warrior
Aim: an orc warrior, wielding a +0 broad axe and wearing a +0 plate armour (severely wounded, 100% to hit)
The magic dart hits the orc warrior.
The orc warrior is almost dead.
Casting: Magic Dart (safe; 2% risk of failure)
Confirm with . or Enter, or press ? or * to list all spells.
Aiming: Magic Dart (safe; 2% risk of failure)
Press: ? - help, Shift-Dir - straight line, f/p - orc warrior
Aim: an orc warrior, wielding a +0 broad axe and wearing a +0 plate armour (almost dead, 100% to hit)
The magic dart hits the orc warrior but does no damage.
The orc warrior is almost dead.
Casting: Magic Dart (safe; 2% risk of failure)
Confirm with . or Enter, or press ? or * to list all spells.
Aiming: Magic Dart (safe; 2% risk of failure)
Press: ? - help, Shift-Dir - straight line, f/p - orc warrior
Aim: an orc warrior, wielding a +0 broad axe and wearing a +0 plate armour (almost dead, 100% to hit)
The magic dart hits the orc warrior but does no damage.
The orc warrior is almost dead.
The orc warrior shouts!
Casting: Magic Dart (safe; 2% risk of failure)
Confirm with . or Enter, or press ? or * to list all spells.
Aiming: Magic Dart (safe; 2% risk of failure)
Press: ? - help, Shift-Dir - straight line, f/p - orc warrior
Aim: an orc warrior, wielding a +0 broad axe and wearing a +0 plate armour (severely wounded, 100% to hit)
The magic dart hits the orc warrior but does no damage.
The orc warrior is severely wounded.
Casting: Magic Dart (safe; 2% risk of failure)
Confirm with . or Enter, or press ? or * to list all spells.
Aiming: Magic Dart (safe; 2% risk of failure)
Press: ? - help, Shift-Dir - straight line, f/p - orc warrior
Aim: an orc warrior, wielding a +0 broad axe and wearing a +0 plate armour (severely wounded, 100% to hit)
The magic dart hits the orc warrior.
The orc warrior is almost dead.
Casting: Magic Dart (safe; 2% risk of failure)
Confirm with . or Enter, or press ? or * to list all spells.
Aiming: Magic Dart (safe; 2% risk of failure)
Press: ? - help, Shift-Dir - straight line, f/p - orc warrior
Aim: an orc warrior, wielding a +0 broad axe and wearing a +0 plate armour (almost dead, 100% to hit)
The magic dart hits the orc warrior but does no damage.
The orc warrior is almost dead.
Casting: Magic Dart (safe; 2% risk of failure)
Confirm with . or Enter, or press ? or * to list all spells.
Aiming: Magic Dart (safe; 2% risk of failure)
Press: ? - help, Shift-Dir - straight line, f/p - orc warrior
Aim: an orc warrior, wielding a +0 broad axe and wearing a +0 plate armour (almost dead, 100% to hit)
The magic dart hits the orc warrior but does no damage.
The orc warrior is almost dead.
Casting: Magic Dart (safe; 2% risk of failure)
Confirm with . or Enter, or press ? or * to list all spells.
Aiming: Searing Ray (safe; 3% risk of failure)
Press: ? - help, Shift-Dir - straight line, f/p - orc warrior
Aim: an orc warrior, wielding a +0 broad axe and wearing a +0 plate armour (almost dead, 81% to hit)
The searing ray misses the orc warrior. (Press . to maintain the ray.)
Casting: Searing Ray (safe; 3% risk of failure)
Confirm with . or Enter, or press ? or * to list all spells.
You erupt in a blast of force!
The mystic blast hits the orc warrior but does no damage.
The orc warrior is almost dead.
The orc warrior misses you.
Casting: Iskenderun's Mystic Blast (dangerous; 22% risk of failure)
Confirm with . or Enter, or press ? or * to list all spells.
You erupt in a blast of force!
The mystic blast hits the orc warrior but does no damage.
The orc warrior is almost dead.
* * * LOW HITPOINT WARNING * * *
The orc warrior hits you with a +0 broad axe!!
* * * LOW HITPOINT WARNING * * *
Casting: Iskenderun's Mystic Blast (dangerous; 22% risk of failure)
Confirm with . or Enter, or press ? or * to list all spells.
You erupt in a blast of force!
The mystic blast hits the orc warrior but does no damage.
The orc warrior is almost dead.
* * * LOW HITPOINT WARNING * * *
The orc warrior misses you.
The orc warrior attacks as you move away!
The orc warrior hits you with a +0 broad axe!
You die...

##.......## ##.....##
###...## ##...####
##.....####
##.......###
##..∩......####
#.............####
#≈≈≈≈≈≈≈≈≈@o......#
≈≈≈≈≈≈≈≈≈≈≈≈≈~......
≈≈≈#########≈≈≈≈≈....
≈≈∩#...ogo.#∩≈≈≈≈≈≈~.
#...Koo.####(≈≈)≈≈
####'### ..#(((..~ .o
..###.... ## ..+ ....
#..# ...


You could see an orc warrior, an orc, a hobgoblin and a kobold.

Vanquished Creatures
  The ghost of mkat the Trooper, an amateur NaMo (D:4)
  A steam dragon (D:6)
  Menkaure (D:5)
  Edmund (D:5)
  A water moccasin (D:5)
  An ice beast (D:6)
  A black bear (D:5)
  3 phantoms
  A scorpion (D:4)
  A crimson imp (D:6)
  2 howler monkeys
  2 hounds (D:6)
  Ijyb (D:3)
  Jessica (D:3)
  Natasha (thrice) (D:2)
  An iguana (D:4)
  An orc wizard (D:7)
  8 adders
  2 white imps (D:6)
  4 worms (D:2)
  2 dart slugs
  18 orcs
  7 endoplasms
  3 giant cockroaches (D:1)
  15 goblins
  6 hobgoblins
  12 jackals
  13 kobolds
  4 quokkas
  8 ball pythons
  8 bats
  4 frilled lizards
  6 rats
143 creatures vanquished.

Vanquished Creatures (others)
  16 fulminant prisms
16 creatures vanquished.

Grand Total: 159 creatures vanquished

Notes
Turn   | Place    | Note
-------+----------+-------------------------------------------
     0 | D:1      | RascalDebosk the Djinni Conjurer began the quest for the
                  | Orb.
     0 | D:1      | RascalDebosk set off with the following spells memorised:
                  | Magic Dart, Searing Ray, Dazzling Flash, Fulminant Prism,
                  | Iskenderun's Mystic Blast.
     0 | D:1      | Reached XP level 1. HP: 15/15 MP: 0/0
   141 | D:1      | Reached XP level 2. HP: 21/21 MP: 0/0
   211 | D:1      | Found a faded altar of an unknown god.
   338 | D:1      | Reached XP level 3. HP: 21/25 MP: 0/0
   338 | D:1      | Learned a level 1 spell: Sting
   436 | D:1      | Found Asoegy's Jewellery Shoppe.
   912 | D:2      | Reached XP level 4. HP: 26/31 MP: 0/0
   914 | D:2      | Reached skill level 1 in Fighting
  1135 | D:2      | Noticed Natasha
  1140 | D:2      | Killed Natasha
  1200 | D:2      | Noticed Natasha
  1203 | D:2      | Killed Natasha
  1204 | D:2      | Reached skill level 1 in Short Blades
  1204 | D:2      | Reached skill level 1 in Armour
  1204 | D:2      | Reached XP level 5. HP: 24/38 MP: 0/0
  1204 | D:2      | Learned a level 2 spell: Passwall
  1293 | D:2      | Noticed Natasha
  1299 | D:2      | Killed Natasha
  1763 | D:3      | Found a glowing golden altar of the Shining One.
  1787 | D:3      | Noticed Jessica
  1796 | D:3      | Killed Jessica
  1797 | D:3      | Reached XP level 6. HP: 30/44 MP: 0/0
  2456 | D:3      | Noticed Ijyb
  2461 | D:3      | Killed Ijyb
  2619 | D:4      | Found a runed translucent door.
  2878 | D:4      | You are sucked into a shaft and drop 2 floors!
  2904 | D:6      | Noticed an ice beast
  2909 | D:5      | Entered Level 5 of the Dungeon
  3040 | D:4      | Found an iron altar of Okawaru.
  3047 | D:4      | Reached XP level 7. HP: 46/50 MP: 0/0
  3047 | D:4      | Learned a level 2 spell: Wereblood
  3272 | D:4      | Reached skill level 5 in Spellcasting
  3660 | D:4      | Noticed mkat's ghost (amateur NaMo)
  3680 | D:4      | Killed mkat's ghost
  3681 | D:4      | Reached XP level 8. HP: 15/58 MP: 0/0
  3892 | D:5      | Found a shadowy altar of Dithmenos.
  3936 | D:5      | Noticed Edmund
  3946 | D:5      | Killed Edmund
  4294 | D:5      | Reached skill level 5 in Fighting
  4375 | D:5      | Noticed Menkaure
  4379 | D:5      | Killed Menkaure
  4950 | D:6      | Reached XP level 9. HP: 56/66 MP: 0/0
  4950 | D:6      | Learned a level 4 spell: Olgreb's Toxic Radiance
  5265 | D:6      | Found a hide-covered altar of Uskayaw.
  5429 | D:6      | Found a staircase to the Ecumenical Temple.
  5438 | Temple   | Entered the Ecumenical Temple
  5444 | Temple   | Became a worshipper of Ashenzari the Shackled
  6094 | D:7      | Found a flagged portal.
  6506 | Bailey   | Entered a bailey
  6559 | Bailey   | Slain by an orc warrior

Illustrated notes

Levels and vault maps discovered:
D:1:      saegor_arrival_miasma, layout_basic, serial_shops,
          nicolae_shop_tiny_real_fake_doors, chequers_ecumenical_altar_simple
D:2:      layout_rooms, uniq_natasha
D:3:      kennysheep_goblin_castle, layout_basic, mainiacjoe_overflow_catwalk,
          uniq_jessica
D:4:      layout_cave_pods, okawaru_ov_weapons_minmay, ebering_ghost_sewer_d,
          uniq_ijyb
D:5:      cheibrodos_iron_armory, layout_loops_ring, lemuel_doored_altar,
          minmay_misc_feat_secret_circle, kennysheep_cross_bottleneck,
          hangedman_glass_teeth, st_stairs_6, kennysheep_nub, uniq_menkaure,
          uniq_edmund
D:6:      layout_basic, mainiacjoe_overflow_alcove_1,
          minmay_temple_entry_poolview, minmay_fire_ice_demons
D:7:      layout_basic, nicolae_overflow_squiral, serial_shops,
          nicolae_shop_scrapyard, enter_bailey_8
Temple:   hellmonk_temple_two_chambers
Bailey:   bailey_axe_4, bailey

Skill      XL: |  1  2  3  4  5  6  7  8  9 |
---------------+----------------------------+-----
Spellcasting   | 4 5 6 |  6.2
Fighting       | 1 2 3 4 5 6 |  6.2
Short Blades   | 1 2 3 |  3.8
Armour         | 1 2 3 4 |  4.2
Dodging        | |  2.1
Stealth        | |  1.5

Action                     |  1- 3 |  4- 6 |  7- 9 || total
---------------------------+-------+-------+-------++-------
  Melee: Dagger            |       |     2 |     3 ||     5
   Cast: Magic Dart        |    39 |    70 |    83 ||   192
         Searing Ray       |     9 |    17 |    19 ||    45
         Sting             |     2 |       |       ||     2
         Fulminant Prism   |       |     7 |     9 ||    16
         Iskenderun's Myst |       |     3 |    21 ||    24
         Olgreb's Toxic Ra |       |       |     1 ||     1
   Stab: Sleeping          |       |     2 |       ||     2
 Armour: Robe              |       |     2 |     1 ||     3
         Ring mail         |       |       |     3 ||     3
  Dodge: Dodged            |     2 |     6 |    19 ||    27
